 Dungeon Crawl Stone Soup version 0.27-a0-906-g0a00ce863d (webtiles) character file.

Game seed: 4813874515729142245

263 dolemite99 the Stinger (level 5, -2/28 HPs)
             Began as a Deep Elf Venom Mage on Apr 7, 2021.
             Was an Initiate of Gozag.
             Killed from afar by an orc wizard (7 damage)
             ... with a magic dart
             ... on level 4 of the Dungeon.
             The game lasted 00:08:19 (5868 turns).

dolemite99 the Stinger (Deep Elf Venom Mage)        Turns: 5868, Time: 00:08:20

Health: -2/28      AC:  3    Str:  5    XL:     5   Next: 98%
Magic:  14/14      EV: 12    Int: 21    God:    Gozag
Gold:   340        SH:  0    Dex: 15    Spells: 4/13 levels left

rFire    . . .     SeeInvis .   h - +0 dagger
rCold    . . .     Faith    .   (no shield)
rNeg     . . .     Spirit   .   a - +0 robe
rPois    .         Reflect  .   (no helmet)
rElec    .         Harm     .   (no cloak)
rCorr    .         Rampage  .   t - +0 pair of gloves
Will     .....                  (no boots)
Stlth    +.........             (no amulet)
HPRegen  0.09/turn              (no ring)
MPRegen  0.14/turn              (no ring)

@: confused
A: no striking features
a: Renounce Religion, Potion Petition, Call Merchant, Bribe Branch


You were on level 4 of the Dungeon.
You worshipped Gozag.
Gozag was aware of your devotion.
You visited 1 branch of the dungeon, and saw 4 of its levels.

You collected 1037 gold pieces.
You spent 697 gold pieces at shops.

Inventory:

Hand Weapons
 e - a +0 short sword
 h - a +0 dagger (weapon)
Missiles
 b - 22 bolts
 c - 21 sling bullets
 i - 120 stones
 n - 4 atropa-tipped darts
 p - 26 arrows
 q - 7 boomerangs (quivered)
Armour
 a - a +0 robe (worn)
 s - a +0 buckler
 t - a +0 pair of gloves (worn)
Jewellery
 l - a ring of resist corrosion
Scrolls
 f - 4 scrolls of amnesia
 g - 2 scrolls of magic mapping
 j - a scroll of blinking
 k - a scroll of fog {unknown}
 m - 2 scrolls of teleportation
Potions
 d - 3 potions of brilliance
 o - a potion of degeneration
 u - a potion of mutation {unknown}


   Skills:
 - Level 2.4 Dodging
 - Level 2.4 Stealth
 + Level 4.6 Spellcasting
 - Level 3.2 Transmutations
 - Level 3.0 Air Magic
 - Level 4.6 Poison Magic


You had 4 spell levels left.
You knew the following spells:

 Your Spells              Type           Power      Damage    Failure   Level
a - Sting                 Tmut/Pois      84%        1d7       2%          1
b - Poisonous Vapours     Pois/Air       42%        N/A       3%          2
c - Mephitic Cloud        Conj/Pois/Air  15%        N/A       12%         3
d - Tukima's Dance        Hex            4%         N/A       32%         3

Your spell library contained the following spells:

 Spells                   Type           Power      Damage    Failure   Level
 Corona                   Hex            4%         N/A       11%         1
 Summon Small Mammal      Summ           16%        N/A       11%         1
 Ignite Poison            Fire/Tmut/Pois 15%        N/A       12%         3
 Call Imp                 Summ           4%         N/A       17%         2
 Ensorcelled Hibernation  Hex/Ice        8%         N/A       17%         2
 Olgreb's Toxic Radiance  Pois           24%        N/A       17%         4
 Call Canine Familiar     Summ           4%         N/A       32%         3
 Confusing Touch          Hex            4%         N/A       32%         3
 Dazzling Flash           Conj/Hex       8%         N/A       32%         3
 Summon Guardian Golem    Hex/Summ       4%         N/A       32%         3
 Summon Lightning Spire   Summ/Air       11%        N/A       52%         4
 Summon Ice Beast         Ice/Summ       4%         N/A       73%         4


Dungeon Overview and Level Annotations

Branches:
Dungeon (4/15)
 Temple: D:4-7

Altars:
Gozag

Shops:
D:3 [[::?

Annotations:
D:3 Grinder, Robin


Message History

You hear some strange, mumbled words.
Something tries to affect you, but you resist.
A magic dart appears from out of thin air!
The magic dart hits you.
Casting: Poisonous Vapours (safe; 3% risk of failure)
Confirm with . or Enter, or press ? or * to list all spells.
Aiming: Poisonous Vapours (safe; 3% risk of failure)
Press: ? - help, Dir - move target You see nothing there to target!
Casting: Poisonous Vapours (safe; 3% risk of failure)
Confirm with . or Enter, or press ? or * to list all spells.
Aiming: Poisonous Vapours (safe; 3% risk of failure)
Press: ? - help, Dir - move target
Okay, then.
Casting: Poisonous Vapours (safe; 3% risk of failure)
Confirm with . or Enter, or press ? or * to list all spells.
Aiming: Poisonous Vapours (safe; 3% risk of failure)
Press: ? - help, Dir - move target You see nothing there to target!
A magic dart appears from out of thin air!
The magic dart hits you.
Something tries to affect you, but you resist.
Something tries to affect you, but you resist.
A puff of flame appears from out of thin air!
The puff of flame hits you!
* * * LOW HITPOINT WARNING * * *
You feel better.
You feel better.
You are confused.
You are more confused.
A puff of flame appears from out of thin air!
The puff of flame hits you!
* * * LOW HITPOINT WARNING * * *
There is a strange disturbance nearby!
You're too confused to move!
Something tries to affect you, but you resist.
A magic dart appears from out of thin air!
The magic dart hits you!
You die...
Your body crumbles into a pile of gold.

### #########.. #.......#.# $
#.......#.# ##.......#.###
#..@.........# #..........#.#
#### #........###.# ...####
#..........#.######.
......########........#.#........
......#......#...............###.
......#......#.#######.......#
......#......#{# #.......#
{.o.$.#......#.# #......<#


There were no monsters in sight!

Vanquished Creatures
  A black bear (D:3)
  A hound (D:4)
  Jessica (D:3)
  An adder (D:2)
  5 worms
  2 dart slugs (D:1)
  5 orcs (D:3)
  4 endoplasms
  6 giant cockroaches
  6 goblins
  7 hobgoblins
  10 jackals
  A quokka (D:1)
  9 ball pythons
  2 bats
  4 frilled lizards
  6 kobolds
  10 rats
81 creatures vanquished.

Notes
Turn   | Place    | Note
-------+----------+-------------------------------------------
     0 | D:1      | dolemite99 the Deep Elf Venom Mage began the quest for the
                  | Orb.
     0 | D:1      | Reached XP level 1. HP: 10/10 MP: 6/6
   609 | D:1      | Reached XP level 2. HP: 12/15 MP: 2/8
  1386 | D:1      | Found a faded altar of an unknown god.
  1393 | D:1      | Reached XP level 3. HP: 19/19 MP: 6/9
  1394 | D:1      | Became a worshipper of Gozag Ym Sagoz the Greedy
  3065 | D:2      | Reached XP level 4. HP: 22/24 MP: 0/10
  4102 | D:3      | Identified the +0 helmet "Pivoigg" {rF- Dex+7}
  4102 | D:3      | Noticed Robin
  4159 | D:3      | Found Ymeuhoaz's Magic Scroll Shop.
  4164 | D:3      | Bought a scroll of teleportation for 42 gold pieces
  4164 | D:3      | Bought a scroll of amnesia for 49 gold pieces
  4164 | D:3      | Bought a scroll of identify for 28 gold pieces
  4164 | D:3      | Bought a scroll of magic mapping for 49 gold pieces
  4167 | D:3      | Identified a scroll of acquirement
  4175 | D:2      | Acquired 547 gold pieces
  4186 | D:3      | Bought a scroll of identify for 28 gold pieces
  4186 | D:3      | Bought a scroll of identify for 28 gold pieces
  4187 | D:3      | Bought a scroll of amnesia for 49 gold pieces
  4225 | D:2      | Learned a level 2 spell: Poisonous Vapours
  4229 | D:2      | Learned a level 3 spell: Mephitic Cloud
  4233 | D:2      | Learned a level 3 spell: Tukima's Dance
  4237 | D:3      | Noticed a black bear
  4247 | D:3      | Killed a black bear
  4248 | D:3      | Reached XP level 5. HP: 25/28 MP: 4/11
  4378 | D:3      | Noticed Grinder
  4386 | D:3      | Found Viafemm's Book Emporium.
  4392 | D:3      | Bought a book of Callings for 330 gold pieces
  4706 | D:3      | Noticed Jessica
  4710 | D:3      | Killed Jessica
  4775 | D:3      | Found Ziesoy's Antique Armour Shoppe.
  4836 | D:3      | Found Lekh's Antique Armour Shop.
  4841 | D:3      | Bought a pair of gloves for 94 gold pieces
  4893 | D:3      | Found Ygeodibeu's Book Emporium.
  5868 | D:4      | Killed from afar by an orc wizard

Illustrated notes

Levels and vault maps discovered:
D:1:      dpeg_arrival_brainrot, layout_basic, basic_ecumenical_altar
D:2:      layout_basic, chequers_avenue, amcnicky_mini_pool_small, st_stairs_1,
          minmay_split_cup_large
D:3:      layout_loops_ring, marbit_many_paths, serial_shops,
          nicolae_shop_stone, nicolae_shop_temple_entry_statues_fountains, shop,
          nicolae_shop_waterfront, shop, kennysheep_generic_room_3,
          uniq_jessica, uniq_grinder, uniq_robin
D:4:      wad_pebble_path, layout_basic, nicolae_ru_the_path_less_chosen

Skill      XL: |  1  2  3  4  5 |
---------------+----------------+-----
Transmutations | 2 3 |  3.2
Poison Magic   | 4 |  4.6
Air Magic      | 2 3 |  3.0
Spellcasting   | 4 |  4.6
Dodging        | |  2.4
Stealth        | |  2.4

Action                   |  1- 3 |  4- 6 || total
-------------------------+-------+-------++-------
Melee: Dagger            |     7 |     9 ||    16
Throw: Boomerang         |       |    12 ||    12
 Cast: Sting             |    86 |    63 ||   149
       Poisonous Vapours |       |     6 ||     6
  Use: Scroll            |       |     8 ||     8
       Potion            |       |     2 ||     2
Armor: Robe              |     5 |     5 ||    10
Dodge: Dodged            |    18 |    35 ||    53

Table legend: (Time is in decaauts)
 A = Elapsed time spent in this place.
 B = Non-inter-level travel time spent in this place.
 C = Inter-level travel time spent in this place.
 D = Time resting spent in this place.
 E = Time spent auto-exploring this place.
 F = Levels seen in this place.
 G = Mean time per level.
                   A        B        C        D        E       F      G
               +--------+--------+--------+--------+--------+-----+--------+
         Total |   5873 |   5740 |    133 |   2869 |   2012 |   4 | 1468.2 |
       Dungeon |   5873 |   5740 |    133 |   2869 |   2012 |   4 | 1468.2 |
               +--------+--------+--------+--------+--------+-----+--------+

Top non-repeatable levels by time:
     D:2: 2191 daAuts
     D:1: 1976 daAuts
     D:3: 1432 daAuts
     D:4: 272 daAuts
